3AA
YAKIMA HOPS @ FT. POLK SOUTH THUNDER HAWKS
09/02/2034
 
TOP OF THE 1ST
Yakima Hops batting - Pitching for Ft. Polk South Thunder Hawks : RHP César Soto
Pitching: RHP César Soto
Batting: RHB Sergio Torres 0-0: Swinging Strike
0-1: Fly out, F3 (Popup, 3SF)
Batting: RHB Luis León 0-0: Called Strike
0-1: Foul Ball, location: 2F
0-2: Ball
1-2: Ball
2-2: Foul Ball, location: 2F
2-2: SINGLE (Groundball, 4MD)
Batting: RHB Vonne Navarrete 0-0: Ball
1-0: Foul Ball, location: 2F
1-1: Foul Ball, location: 2F
1-2: SINGLE (Groundball, 56D)
Luis León to second
Batting: RHB Bob Houghton 0-0: SINGLE (Flyball, 8RS)
Luis León to third
Vonne Navarrete to second
Runner from 3rd tries for Home, SAFE, no throw
Batting: LHB Wulf Paauwe 0-0: Swinging Strike
0-1: Ball
1-1: Called Strike
1-2: Foul Ball, location: 2F
1-2: Ball
2-2: Ball
3-2: Foul Ball, location: 2F
3-2: Strikes out swinging
Batting: RHB Lee Scrooby 0-0: Ball
1-0: Ball
2-0: Foul Ball, location: 2F
2-1: DOUBLE (Line Drive, 89XD)
Vonne Navarrete scores
Bob Houghton to third
Runner from 3rd tries for Home, SAFE, no throw
Batting: LHB Héctor Velázquez 0-0: Ball
1-0: Called Strike
1-1: Foul Ball, location: 2F
1-2: Foul Ball, location: 2F
1-2: Foul Ball, location: 2F
1-2: Foul Ball, location: 2F
1-2: Ball
2-2: Ball
3-2: Foul Ball, location: 2F
3-2: Base on Balls
Batting: SHB Zack Murphy 0-0: Ball
1-0: Foul Ball, location: 2F
1-1: SINGLE (Groundball, 34D)
Lee Scrooby to third
Héctor Velázquez to second
Runner from 3rd tries for Home, throw and OUT!
Top of the 1st over - 3 runs, 5 hits, 0 errors, 2 left on base; Yakima 3 - Ft. Polk South 0
BOTTOM OF THE 1ST
Ft. Polk South Thunder Hawks batting - Pitching for Yakima Hops : LHP José Vélez
Pitching: LHP José Vélez
Batting: LHB Augusto Reyes 0-0: Foul Ball, location: 2F
0-1: Ball
1-1: Ball
2-1: Swinging Strike
2-2: Strikes out swinging
Batting: LHB Yu Miao 0-0: Called Strike
0-1: Ball
1-1: Ball
2-1: Ball
3-1: Ground out 5-3 (Groundball, 56)
Batting: RHB Kyuso Kouno 0-0: Ball
1-0: Foul Ball, location: 2F
1-1: Called Strike
1-2: Foul Ball, location: 2F
1-2: Ground out 5-3 (Groundball, 56S)
Bottom of the 1st over - 0 runs, 0 hits, 0 errors, 0 left on base; Yakima 3 - Ft. Polk South 0
TOP OF THE 2ND
Yakima Hops batting - Pitching for Ft. Polk South Thunder Hawks : RHP César Soto
Batting: RHB Carlo Beedle 0-0: Called Strike
0-1: Foul Ball, location: 2F
0-2: Foul Ball, location: 2F
0-2: Strikes out swinging
Batting: RHB Sergio Torres 0-0: Ball
1-0: Foul Ball, location: 2F
1-1: Ball
2-1: SINGLE (Groundball, 15S) (infield hit)
Batting: RHB Luis León 0-0: Called Strike
0-1: Foul Ball, location: 2F
0-2: Foul Ball, location: 2F
0-2: Foul Ball, location: 2F
0-2: Ball
1-2: Strikes out swinging
Batting: RHB Vonne Navarrete 0-0: Foul Ball, location: 2F
0-1: Called Strike
0-2: Ball
1-2: Ball
2-2: Strikes out looking
Top of the 2nd over - 0 runs, 1 hit, 0 errors, 1 left on base; Yakima 3 - Ft. Polk South 0
BOTTOM OF THE 2ND
Ft. Polk South Thunder Hawks batting - Pitching for Yakima Hops : LHP José Vélez
Batting: RHB Thomas Feliciano 0-0: Swinging Strike
0-1: Hit by Pitch
Batting: RHB Luke Thornton 0-0: Called Strike
0-1: Ball
1-1: Ball
2-1: Foul Ball, location: 2F
2-2: Ball
3-2: Ground out 4-3 (Groundball, 4MS)
Thomas Feliciano to second
Batting: RHB Melvin Aikey 0-0: Fly out, F8 (Flyball, 8RXD)
Runner from 2nd tags up, SAFE at 3rd, no throw
Batting: RHB Ruggiero Veneziano 0-0: Called Strike
0-1: Ball
1-1: Called Strike
1-2: Fly out, F7 (Flyball, 7)
Bottom of the 2nd over - 0 runs, 0 hits, 0 errors, 1 left on base; Yakima 3 - Ft. Polk South 0
TOP OF THE 3RD
Yakima Hops batting - Pitching for Ft. Polk South Thunder Hawks : RHP César Soto
Batting: RHB Bob Houghton 0-0: Ball
1-0: Foul Ball, location: 2F
1-1: Ball
2-1: SINGLE (Groundball, 5) (infield hit)
Batting: LHB Wulf Paauwe 0-0: Ball
1-0: Ball
2-0: Foul Ball, location: 2F
2-1: Ball
3-1: Foul Ball, location: 2F
3-2: Foul Ball, location: 2F
3-2: Grounds into double play, 4-6-3 (Groundball, 4)
Batting: RHB Lee Scrooby 0-0: Called Strike
0-1: Ball
1-1: Ball
2-1: Ball
3-1: Base on Balls
Batting: LHB Héctor Velázquez 0-0: Ball
1-0: Foul Ball, location: 2F
1-1: Fly out, F9 (Flyball, 9S)
Top of the 3rd over - 0 runs, 1 hit, 0 errors, 1 left on base; Yakima 3 - Ft. Polk South 0
BOTTOM OF THE 3RD
Ft. Polk South Thunder Hawks batting - Pitching for Yakima Hops : LHP José Vélez
Batting: SHB Dong-joo Yu 0-0: Ball
1-0: Foul Ball, location: 2F
1-1: Foul Ball, location: 2F
1-2: Fly out, F8 (Flyball, 8RXD)
Batting: RHB Pedro Larate 0-0: SINGLE (Line Drive, 78S)
Batting: LHB Augusto Reyes 0-0: Ball
1-0: Foul Ball, location: 2F
1-1: Foul Ball, location: 2F
1-2: Ball
2-2: Grounds into double play, 4-6-3 (Groundball, 4)
Bottom of the 3rd over - 0 runs, 1 hit, 0 errors, 0 left on base; Yakima 3 - Ft. Polk South 0
TOP OF THE 4TH
Yakima Hops batting - Pitching for Ft. Polk South Thunder Hawks : RHP César Soto
Batting: SHB Zack Murphy 0-0: Fly out, F8 (Flyball, 8LS)
Batting: RHB Carlo Beedle 0-0: Ball
1-0: Ball
2-0: Ball
3-0: Called Strike
3-1: Called Strike
3-2: Fly out, F3 (Popup, 3S)
Batting: RHB Sergio Torres 0-0: Ball
1-0: Called Strike
1-1: Ball
2-1: Ground out 6-3 (Groundball, 6S)
Top of the 4th over - 0 runs, 0 hits, 0 errors, 0 left on base; Yakima 3 - Ft. Polk South 0
BOTTOM OF THE 4TH
Ft. Polk South Thunder Hawks batting - Pitching for Yakima Hops : LHP José Vélez
Batting: LHB Yu Miao 0-0: Called Strike
0-1: Fly out, F9 (Flyball, 9S)
Batting: RHB Kyuso Kouno 0-0: Ball
1-0: Foul Ball, location: 2F
1-1: Ball
2-1: Ball
3-1: SINGLE (Line Drive, 34D)
Batting: RHB Thomas Feliciano 0-0: Ball
1-0: Fly out, F7 (Flyball, 78D)
Batting: RHB Luke Thornton 0-0: Foul Ball, location: 2F
0-1: Ball
1-1: Swinging Strike
1-2: Fly out, F8 (Flyball, 8LS)
Bottom of the 4th over - 0 runs, 1 hit, 0 errors, 1 left on base; Yakima 3 - Ft. Polk South 0
TOP OF THE 5TH
Yakima Hops batting - Pitching for Ft. Polk South Thunder Hawks : RHP César Soto
Pitching: RHP Delano Turnipseed
Batting: RHB Luis León 0-0: Ball
1-0: Ball
2-0: Called Strike
2-1: Called Strike
2-2: Ball
3-2: Base on Balls
Batting: RHB Vonne Navarrete 0-0: SINGLE (Flyball, 7LS)
Luis León to second
Batting: RHB Bob Houghton 0-0: Called Strike
0-1: Ball
1-1: Ball
2-1: Foul Ball, location: 2F
2-2: Strikes out swinging
Batting: LHB Wulf Paauwe 0-0: Ball
1-0: Ball
2-0: Called Strike
2-1: Foul Ball, location: 2F
2-2: Ball
3-2: Base on Balls
Luis León to third
Vonne Navarrete to second
Batting: RHB Lee Scrooby 0-0: Grounds into fielders choice 1-2 (Groundball, 13S)
Vonne Navarrete to third
Wulf Paauwe to second
Batting: LHB Héctor Velázquez 0-0: Called Strike
0-1: Ball
1-1: Foul Ball, location: 2F
1-2: Strikes out looking
Top of the 5th over - 0 runs, 1 hit, 0 errors, 3 left on base; Yakima 3 - Ft. Polk South 0
BOTTOM OF THE 5TH
Ft. Polk South Thunder Hawks batting - Pitching for Yakima Hops : LHP José Vélez
Batting: RHB Melvin Aikey 0-0: SINGLE (Line Drive, 34D)
Batting: RHB Ruggiero Veneziano 0-0: Called Strike
0-1: Called Strike
0-2: Ball
1-2: Foul Ball, location: 2F
1-2: Ball
2-2: Foul Ball, location: 2F
2-2: Strikes out swinging
Batting: SHB Dong-joo Yu 0-0: Swinging Strike
0-1: Ball
1-1: Swinging Strike
1-2: 2-RUN HOME RUN (Flyball, 78XD), Distance : 381 ft
Batting: RHB Pedro Larate 0-0: Swinging Strike
0-1: Called Strike
0-2: Ball
1-2: Ball
2-2: Strikes out swinging
Batting: LHB Augusto Reyes 0-0: Ball
1-0: Ball
2-0: Foul Ball, location: 2F
2-1: Fly out, F6 (Popup, 6)
Bottom of the 5th over - 2 runs, 2 hits, 0 errors, 0 left on base; Yakima 3 - Ft. Polk South 2
TOP OF THE 6TH
Yakima Hops batting - Pitching for Ft. Polk South Thunder Hawks : RHP Delano Turnipseed
Batting: SHB Zack Murphy 0-0: Ball
1-0: Swinging Strike
1-1: Ground out 4-3 (Groundball, 4S)
Batting: RHB Carlo Beedle 0-0: Ball
1-0: Ball
2-0: Called Strike
2-1: Ground out 5-3 (Groundball, 56S)
Batting: RHB Sergio Torres 0-0: Foul Ball, location: 2F
0-1: Ball
1-1: Foul Ball, location: 2F
1-2: Ground out 4-3 (Groundball, 4)
Top of the 6th over - 0 runs, 0 hits, 0 errors, 0 left on base; Yakima 3 - Ft. Polk South 2
BOTTOM OF THE 6TH
Ft. Polk South Thunder Hawks batting - Pitching for Yakima Hops : LHP José Vélez
Batting: LHB Yu Miao 0-0: Foul Ball, location: 2F
0-1: Ball
1-1: Ground out 3-1 (Groundball, 34S)
Batting: RHB Kyuso Kouno 0-0: Called Strike
0-1: Ball
1-1: Swinging Strike
1-2: Ball
2-2: Ball
3-2: Base on Balls
Batting: RHB Thomas Feliciano 0-0: Foul Ball, location: 2F
0-1: Ball
1-1: SINGLE (Groundball, 6S) (infield hit)
Kyuso Kouno to second
Batting: RHB Luke Thornton 0-0: Ball
1-0: SINGLE (Groundball, 6D)
Kyuso Kouno to third
Thomas Feliciano to second
Runner from 3rd tries for Home, SAFE, no throw
Batting: RHB Melvin Aikey 0-0: Ball
Thomas Feliciano is caught stealing 3rd base
1-0: Ball
2-0: Foul Ball, location: 2F
2-1: Ball
3-1: Foul Ball, location: 2F
3-2: SINGLE (Groundball, 56D)
Luke Thornton to second
Luke Thornton to third
Pitching: LHP Jorge Pliego
Batting: RHB Ruggiero Veneziano 0-0: Called Strike
0-1: Ball
1-1: Swinging Strike
1-2: Ball
2-2: Fly out, F9 (Flyball, 9)
Bottom of the 6th over - 1 run, 3 hits, 0 errors, 2 left on base; Yakima 3 - Ft. Polk South 3
TOP OF THE 7TH
Yakima Hops batting - Pitching for Ft. Polk South Thunder Hawks : RHP Delano Turnipseed
Batting: RHB Luis León 0-0: Called Strike
0-1: Ball
1-1: Fly out, F7 (Flyball, 78D)
Batting: RHB Vonne Navarrete 0-0: Called Strike
0-1: Ball
1-1: Ball
2-1: Ball
3-1: Swinging Strike
3-2: Foul Ball, location: 2F
3-2: Strikes out swinging passed ball, reaches first!
Batting: RHB Bob Houghton 0-0: Fielders Choice at 2nd, 1-6 (Groundball, 13S)
Batting: LHB Wulf Paauwe 0-0: Called Strike
Bob Houghton steals 2nd base
0-1: Ball
1-1: Foul Ball, location: 2F
1-2: Fly out, F9 (Flyball, 9S)
Top of the 7th over - 0 runs, 0 hits, 0 errors, 1 left on base; Yakima 3 - Ft. Polk South 3
BOTTOM OF THE 7TH
Ft. Polk South Thunder Hawks batting - Pitching for Yakima Hops : LHP Jorge Pliego
Pinch Hitting: RHB Qu-bing Thien 0-0: Called Strike
0-1: Foul Ball, location: 2F
0-2: Ball
1-2: Strikes out swinging
Batting: RHB Pedro Larate 0-0: Called Strike
0-1: Called Strike
0-2: Ground out 6-3 (Groundball, 6)
Batting: LHB Augusto Reyes 0-0: Ball
1-0: Ball
2-0: Ball
3-0: Base on Balls
Batting: LHB Yu Miao 0-0: Ball
1-0: Ball
2-0: Ground out 4-3 (Groundball, 4S)
Bottom of the 7th over - 0 runs, 0 hits, 0 errors, 1 left on base; Yakima 3 - Ft. Polk South 3
TOP OF THE 8TH
Yakima Hops batting - Pitching for Ft. Polk South Thunder Hawks : RHP Delano Turnipseed
Now at 2B: Qu-bing Thien
Batting: RHB Lee Scrooby 0-0: Ball
1-0: Foul Ball, location: 2F
1-1: Ground out 6-3 (Groundball, 6)
Batting: LHB Héctor Velázquez 0-0: Called Strike
0-1: Swinging Strike
0-2: Ball
1-2: Strikes out swinging
Batting: SHB Zack Murphy 0-0: Called Strike
0-1: Foul Ball, location: 2F
0-2: SINGLE (Line Drive, 4MD)
Batting: RHB Carlo Beedle 0-0: Ball
1-0: Foul Ball, location: 2F
1-1: Ground out 4-3 (Groundball, 4)
Top of the 8th over - 0 runs, 1 hit, 0 errors, 1 left on base; Yakima 3 - Ft. Polk South 3
BOTTOM OF THE 8TH
Ft. Polk South Thunder Hawks batting - Pitching for Yakima Hops : LHP Jorge Pliego
Batting: RHB Kyuso Kouno 0-0: SINGLE (Groundball, 6MD)
Batting: RHB Thomas Feliciano 0-0: Ball
1-0: Called Strike
1-1: Ball
2-1: Fielders Choice at 2nd, 4-6 (Groundball, 4)
Now at SS: George Hubbard
Batting: RHB Luke Thornton 0-0: Called Strike
0-1: Ball
1-1: Ball
2-1: Swinging Strike
2-2: Ball
3-2: Fielders Choice at 2nd, 1-6 (Groundball, 13)
Batting: RHB Melvin Aikey 0-0: Ball
1-0: Fielders Choice at 2nd, 6-4 (Groundball, 6)
Bottom of the 8th over - 0 runs, 1 hit, 0 errors, 1 left on base; Yakima 3 - Ft. Polk South 3
TOP OF THE 9TH
Yakima Hops batting - Pitching for Ft. Polk South Thunder Hawks : RHP Delano Turnipseed
Pitching: RHP Kyle Overhill
Batting: RHB Sergio Torres 0-0: Called Strike
0-1: Ball
1-1: Ball
2-1: Foul Ball, location: 2F
2-2: Ball
3-2: SINGLE (Line Drive, 89M)
Batting: RHB Luis León 0-0: Sac Bunt - play at second, runner OUT! 2-6
Batting: RHB Vonne Navarrete 0-0: Fly out, F8 (Flyball, 8RD)
Batting: RHB George Hubbard 0-0: Called Strike
0-1: Ball
1-1: Swinging Strike
1-2: Foul Ball, location: 2F
1-2: Foul Ball, location: 2F
1-2: Ball
2-2: SINGLE (Groundball, 5D)
Luis León to second
Batting: LHB Wulf Paauwe 0-0: SINGLE (Groundball, 4D)
Luis León to third
George Hubbard to second
Runner from 3rd tries for Home, SAFE, throw made home
Batting: RHB Lee Scrooby 0-0: Ball
1-0: Ball
2-0: Ball
3-0: Base on Balls
George Hubbard to third
Wulf Paauwe to second
Batting: LHB Héctor Velázquez 0-0: Called Strike
0-1: Ball
1-1: SINGLE (Line Drive, 34D)
George Hubbard scores
Wulf Paauwe to third
Lee Scrooby to second
Batting: SHB Zack Murphy 0-0: Called Strike
0-1: Swinging Strike
0-2: Strikes out swinging
Top of the 9th over - 2 runs, 4 hits, 0 errors, 3 left on base; Yakima 5 - Ft. Polk South 3
BOTTOM OF THE 9TH
Ft. Polk South Thunder Hawks batting - Pitching for Yakima Hops : LHP Jorge Pliego
Pitching: RHP Pieter Spitsbaard
Now at C: Nicholas Seal
Now at 1B: Jeromy Gride
Batting: RHB Ruggiero Veneziano 0-0: Ball
1-0: Called Strike
1-1: Fly out, F6 (Line Drive, 6)
Batting: RHB Qu-bing Thien 0-0: Ground out 4-3 (Groundball, 4)
Batting: RHB Pedro Larate 0-0: Ball
1-0: Ball
2-0: Foul Ball, location: 2F
2-1: Foul Ball, location: 2F
2-2: Ball
3-2: Strikes out swinging
Bottom of the 9th over - 0 runs, 0 hits, 0 errors, 0 left on base; Yakima 5 - Ft. Polk South 3
Friday, March 29th, 2019 - OOTP Baseball 18.8 Build 76